 Dungeon Crawl Stone Soup version 0.23.2-40-g277498a001 (webtiles) character file.

Game seed: 7460051961034745621

13544 Kikorro the Carver (level 11, -3/99 HPs)
             Began as a Grey Draconian Berserker on Sept 2, 2019.
             Was a High Priest of Trog.
             Slain by a black mamba (7 damage)
             ... on level 1 of the Lair of Beasts.
             The game lasted 00:44:37 (13994 turns).

Kikorro the Carver (Grey Draconian Berserker)      Turns: 13994, Time: 00:44:38

Health: -3/99      AC: 14    Str: 23    XL:     11   Next: 77%
Magic:  11/11      EV: 16    Int:  7    God:    Trog [*****.]
Gold:   712        SH:  5    Dex: 11    Spells: 10/10 levels left

rFire    + . .     SeeInvis .   I - +1 falchion (flame)
rCold    + . .     Gourm    .   e - +0 buckler
rNeg     . . .     Faith    .   (armour unavailable)
rPois    +         Spirit   .   (helmet restricted)
rElec    +         Reflect  .   D - +0 cloak
rCorr    +         Harm     .   (no gloves)
MR       .....                  p - +0 pair of boots
Stlth    +++.......             (no amulet)
HPRegen  0.26/turn              v - ring of resist corrosion
MPRegen  0.12/turn              (no ring)

@: lethally poisoned (-3 -> -13), resistant
A: walk through water, unfitting armour, unbreathing, cold-blooded, AC +12
a: Berserk, Trog's Hand, Brothers in Arms, Renounce Religion


You were on level 1 of the Lair of Beasts.
You worshipped Trog.
Trog was extremely pleased with you.
You were hungry.

You visited 2 branches of the dungeon, and saw 11 of its levels.

You collected 712 gold pieces.

Inventory:

Hand Weapons
 t - a +2 scimitar of draining
 I - a +1 falchion of flaming (weapon)
Armour
 e - a +0 buckler (worn)
 p - a +0 pair of boots (worn)
 D - a +0 cloak (worn)
Jewellery
 v - a ring of resist corrosion (left hand)
Wands
 z - a wand of disintegration (19)
 A - a wand of flame (22)
Scrolls
 d - a scroll of remove curse
 f - 2 scrolls of enchant armour {unknown}
 g - 5 scrolls of teleportation
 l - 2 scrolls of blinking
 m - 2 scrolls of fear
 o - 2 scrolls of noise {unknown}
 r - 2 scrolls of magic mapping {unknown}
 y - a scroll of immolation
 B - 3 scrolls of fog {unknown}
 C - a scroll of brand weapon {unknown}
 E - a scroll of enchant weapon {unknown}
 H - a scroll of vulnerability {unknown}
Potions
 a - 3 potions of resistance
 c - 2 potions of might
 h - 3 potions of flight
 j - 3 potions of curing
 n - a potion of agility
 q - 2 potions of invisibility
 u - a potion of magic
 w - 2 potions of haste
Comestibles
 b - 19 rations


   Skills:
 + Level 9.7 Fighting
 + Level 12.9 Long Blades
 + Level 8.7 Dodging
 + Level 5.6 Stealth
 + Level 4.4 Shields


You had 10 spell levels left.
You didn't know any spells.
Your spell library was empty.

Dungeon Overview and Level Annotations

Branches:
Dungeon (10/15)            Temple (0/1) D:6            Lair (1/6) D:8
    Orc: D:9-12

Altars:
Ashenzari
Cheibriados
Elyvilon
Fedhas
Gozag
Hepliaklqana
Makhleb
Okawaru
Sif Muna
Wu Jian
Xom
Yredelemnul

Shops:
D:4 :   D:5 =   D:8 (   D:10 }

Annotations:
Lair:1 1 runed translucent door


Innate Abilities, Weirdness & Mutations

You can walk through water.
Your dull iron-grey scales are very hard. (AC +12)
You cannot fit into any form of body armour.
You can survive without breathing.
You are cold-blooded and may be slowed by cold attacks.


Message History

* * * LOW HITPOINT WARNING * * *
You feel sick.
The black mamba bites you but does no damage.
The black mamba barely misses you.
You feel better. The black mamba bites you!
* * * LOW HITPOINT WARNING * * *
You are lethally poisoned!
The black mamba poisons you! You block the black mamba's attack.
The black mamba bites you.
* * * LOW HITPOINT WARNING * * *
The black mamba completely misses you.
You riposte.
You barely miss the black mamba.
Your tail-slap misses the black mamba.
The black mamba is almost dead.
* * * LOW HITPOINT WARNING * * *
You feel sick. The black mamba closely misses you.
* * * LOW HITPOINT WARNING * * *
You feel sick.
* * * LOW HITPOINT WARNING * * *
You feel sick. The black mamba bites you!
You die...

##.....# ##......#.
#......# #...#..+≈
#......# ##....#.#.
#.....# #....#####
#.....# ##...#
#.#.....# ##...# #
........# #....####.#
........######.........
.........S@............
.........S.............
.......................
.......................
#########P.#.##.#######
#########


You could see 2 black mambas.

Vanquished Creatures
  A hydra (D:10)
  The ghost of CrazedAxUser the Cleaver, a novice MiBe of Trog (D:7)
  3 death yaks (D:8)
  4 two-headed ogres
  An unseen horror (D:10)
  Pikel (D:6)
  A centaur skeleton (D:10)
  A troll (D:9)
  Prince Ribbit (D:5)
  2 dream sheep (D:10)
  2 hippogriffs
  Sigmund (D:2)
  5 yaks
  Eustachio (D:5)
  A hungry ghost (D:9)
  Duvessa (D:5)
  An ice beast (D:5)
  2 black bears
  3 orc warriors
  4 phantoms
  2 sky beasts
  4 ogres
  A centaur (D:10)
  Blork the orc (D:4)
  6 big kobolds
  A bullfrog (D:6)
  Dowan (D:5)
  A scorpion (D:4)
  6 wights
  4 howler monkeys
  An electric eel (D:10)
  2 crimson imps
  11 orc wizards
  5 orc priests
  6 hounds
  4 jellies
  A bullfrog skeleton (D:3)
  Jessica (D:2)
  Natasha (thrice) (D:2)
  8 worker ants
  7 iguanas
  A killer bee zombie (D:10)
  A hound zombie (D:7)
  A hound skeleton (D:6)
  7 gnolls
  13 adders
  A shadow imp (D:8)
  2 oozes (D:1)
  An adder zombie (D:8)
  3 worms
  3 leopard geckos
  33 orcs
  2 ball pythons
  11 bats
  9 giant cockroaches
  8 goblins
  10 hobgoblins
  6 jackals
  2 quokkas (D:7)
  A ball python skeleton (D:4)
  7 frilled lizards
  20 kobolds
  A leopard gecko skeleton (D:4)
  A quokka skeleton (D:4)
  11 rats
268 creatures vanquished.

Vanquished Creatures (others)
  A gnoll (D:6)
  An adder (D:6)
2 creatures vanquished.

Grand Total: 270 creatures vanquished

Notes
Turn   | Place    | Note
-------+----------+-------------------------------------------
     0 | D:1      | Kikorro the Draconian Berserker began the quest for the
                  | Orb.
     0 | D:1      | Reached XP level 1. HP: 19/19 MP: 1/1
   132 | D:1      | Reached XP level 2. HP: 23/26 MP: 2/2
   256 | D:1      | Found a shattered altar of Ashenzari.
   792 | D:1      | Reached XP level 3. HP: 33/33 MP: 3/3
   956 | D:1      | Reached ** piety under Trog
  1440 | D:2      | Noticed Jessica
  1452 | D:2      | Killed Jessica
  1452 | D:2      | Reached skill level 4 in Long Blades
  1452 | D:2      | Reached XP level 4. HP: 29/40 MP: 4/4
  1581 | D:2      | Noticed Sigmund
  1598 | D:2      | Killed Sigmund
  1598 | D:2      | Reached skill level 5 in Long Blades
  1598 | D:2      | Reached skill level 1 in Stealth
  1598 | D:2      | Reached XP level 5. HP: 43/47 MP: 5/5
  1998 | D:2      | Reached XP level 6. HP: 31/53 MP: 6/6
  2312 | D:2      | Found an ornate altar of the Wu Jian Council.
  2319 | D:2      | Found a white marble altar of Elyvilon.
  2352 | D:2      | Found a blossoming altar of Fedhas.
  2352 | D:2      | Found a snail-covered altar of Cheibriados.
  2382 | D:2      | Noticed Natasha
  2390 | D:2      | Killed Natasha
  2461 | D:2      | Noticed Natasha
  2474 | D:2      | Killed Natasha
  2505 | D:2      | Noticed Natasha
  2519 | D:2      | Killed Natasha
  3717 | D:3      | Reached skill level 6 in Long Blades
  3717 | D:3      | Your scales start taking on a dull iron-grey colour.
  3717 | D:3      | Reached XP level 7. HP: 60/60 MP: 7/7
  3717 | D:3      | Gained mutation: You can survive without breathing. [Grey
                  | Draconian growth]
  3851 | D:3      | Reached *** piety under Trog
  3851 | D:3      | Reached skill level 5 in Fighting
  4363 | D:4      | Noticed Blork the orc
  5136 | D:4      | Killed Blork the orc
  5303 | D:4      | Found a deep blue altar of Sif Muna.
  5385 | D:4      | Found Zaxzunluu's Book Shop.
  5472 | D:4      | Found a burning altar of Makhleb.
  5614 | D:5      | Entered Level 5 of the Dungeon
  5693 | D:5      | Found an opulent altar of Gozag.
  5712 | D:5      | Found Copennups's Jewellery Shoppe.
  5934 | D:5      | Noticed Prince Ribbit
  5969 | D:5      | Killed Prince Ribbit
  5969 | D:5      | Reached skill level 7 in Long Blades
  5969 | D:5      | Reached XP level 8. HP: 26/69 MP: 8/8
  6479 | D:5      | Noticed Duvessa
  6479 | D:5      | Noticed Dowan
  6487 | D:5      | Killed Dowan
  6490 | D:5      | Killed Duvessa
  6532 | D:5      | Reached skill level 5 in Dodging
  6824 | D:5      | Reached skill level 8 in Long Blades
  6962 | D:5      | Noticed Eustachio
  6979 | D:5      | Killed Eustachio
  7248 | D:6      | Reached skill level 1 in Shields
  7517 | D:6      | Found a staircase to the Ecumenical Temple.
  7531 | D:6      | Reached XP level 9. HP: 75/75 MP: 9/9
  7824 | D:6      | Found an opulent altar of Gozag.
  8049 | D:6      | Found a shimmering altar of Xom.
  8067 | D:6      | Found a shattered altar of Ashenzari.
  8077 | D:6      | Found an iron altar of Okawaru.
  8089 | D:6      | Found a hazy altar of Hepliaklqana.
  8142 | D:6      | Noticed Pikel
  8171 | D:6      | Killed Pikel
  8171 | D:6      | Reached skill level 9 in Long Blades
  8344 | D:6      | Found a basalt altar of Yredelemnul.
  8639 | D:7      | Reached **** piety under Trog
  9135 | D:7      | Reached skill level 10 in Long Blades
  9546 | D:7      | Found a runed translucent door.
  9547 | D:7      | Noticed CrazedAxUser's ghost (novice MiBe)
  9708 | D:7      | Reached XP level 10. HP: 53/86 MP: 10/10
 10175 | D:7      | Killed CrazedAxUser's ghost
 10391 | D:8      | Found Satifurch's Antique Weapon Shoppe.
 10408 | D:8      | Noticed a death yak
 10419 | D:8      | Noticed a death yak
 10421 | D:8      | Killed a death yak
 10428 | D:8      | Killed a death yak
 10428 | D:8      | Reached skill level 11 in Long Blades
 10430 | D:8      | Noticed a death yak
 10445 | D:8      | Killed a death yak
 10454 | D:8      | HP: 4/88 [yak (8)]
 10799 | D:8      | Found a staircase to the Lair.
 11653 | D:9      | Reached XP level 11. HP: 92/95 MP: 11/11
 11764 | D:9      | Reached ***** piety under Trog
 11862 | D:9      | Noticed a two-headed ogre
 11873 | D:9      | Killed a two-headed ogre
 11873 | D:9      | Reached skill level 5 in Stealth
 12080 | D:9      | Noticed a two-headed ogre
 12090 | D:9      | Killed a two-headed ogre
 12090 | D:9      | Reached skill level 12 in Long Blades
 12365 | D:9      | Noticed a two-headed ogre
 12379 | D:9      | Killed a two-headed ogre
 12813 | D:10     | Entered Level 10 of the Dungeon
 12915 | D:10     | Found Aplarghao's Gadget Boutique.
 12977 | D:10     | Killed an unseen horror
 13209 | D:10     | Noticed a two-headed ogre
 13218 | D:10     | Killed a two-headed ogre
 13407 | D:10     | Received a gift from Trog
 13526 | D:10     | Noticed a three-headed hydra
 13536 | D:10     | Killed a one-headed hydra
 13937 | Lair:1   | Entered Level 1 of the Lair of Beasts
 13949 | Lair:1   | Found a runed translucent door.
 13994 | Lair:1   | HP: 4/99 [poisoned by a black mamba]
 13994 | Lair:1   | Slain by a black mamba

Skill      XL: |  1  2  3  4  5  6  7  8  9 10 11 |
---------------+----------------------------------+-----
Dodging        | 3 4 5 6 8 |  8.7
Long Blades    | 4 5 6 7 8 10 11 12 | 12.9
Fighting       | 4 5 6 7 8 9 |  9.7
Stealth        | 1 3 4 5 |  5.6
Shields        | 1 2 3 4 |  4.4

Action                   |  1- 3 |  4- 6 |  7- 9 | 10-12 || total
-------------------------+-------+-------+-------+-------++-------
Melee: Falchion          |    94 |   175 |   492 |    19 ||   780
       Tailslap          |     7 |    30 |    73 |    52 ||   162
       Scimitar          |       |       |    31 |   269 ||   300
Invok: Trog's Hand       |       |     3 |     2 |     2 ||     7
       Berserk           |       |     2 |     7 |     5 ||    14
  Use: Scroll            |       |     3 |    11 |     5 ||    19
       Potion            |       |       |       |     4 ||     4
 Stab: Sleeping          |       |     1 |     8 |     7 ||    16
  Eat: Chunk             |     2 |     9 |    15 |    16 ||    42
       Ration            |       |       |     4 |     1 ||     5
Armor: Skin              |    35 |    42 |   190 |    80 ||   347
Dodge: Dodged            |    56 |   155 |   297 |   158 ||   666
Block: Buckler           |       |       |    68 |    49 ||   117
       Rpst.: Falchion   |    22 |    43 |    62 |     6 ||   133
       Scimitar          |       |       |     7 |    44 ||    51
